[Event "December 12 Early 2023"]
[Site "https://www.chess.com"]
[Date "2023.12.12"]
[Round "11"]
[White "Makhnev, Denis"]
[Black "Lysyj, Igor"]
[Result "1/2-1/2"]
[Board "19"]
[TimeControl "180+1"]
[WhiteFideId "13707647"]
[BlackFideId "4150120"]
[WhiteElo "2709"]
[BlackElo "2819"]
[WhiteTeam "KAZ"]
[BlackTeam "FID"]
[WhiteClock "0:00:00"]
[BlackClock "0:00:04"]

1. Nf3 d5 2. c4 e6 3. g3 Nf6 4. Bg2 Be7 5. O-O O-O 6. d4 dxc4 7. Ne5 Nc6 8. Bxc6 bxc6 9. Nxc6 Qe8 10. Nxe7+ Qxe7 11. Qc2 c5 12. Qxc4 cxd4 13. Qxd4 e5 14. Qh4 h6 15. Nc3 Qe6 16. Be3 Ba6 17. Rfd1 Qc6 18. Qa4 Qxa4 19. Nxa4 Bxe2 20. Rd6 Ne4 21. Rd5 f6 22. Nc5 Nxc5 23. Bxc5 Rfc8 24. b4 a5 25. h3 axb4 26. Bxb4 Rc4 27. Bd2 h5 28. f4 exf4 29. Bxf4 h4 30. Rd2 Bh5 31. Kh2 Ra3 32. Rg1 g5 33. Bd6 hxg3+ 34. Rxg3 Rxg3 35. Bxg3 Bf3 36. Rf2 Rc3 37. a4 Kg7 38. a5 Ba8 39. Ra2 Rc1 40. Bf2 f5 41. Ra1 Rc2 42. Kg1 f4 43. a6 Kg6 44. a7 Kh5 45. Rd1 Ra2 46. Rc1 Bf3 47. Bd4 g4 48. hxg4+ Kxg4 49. Rc8 Be4 50. Re8 Kf3 51. Rf8 Ra4 52. Be5 Rxa7 53. Rxf4+ Ke3 54. Rf8 Ra2 55. Bf4+ Kd3 56. Be5 Ke3 1/2-1/2

[Event "December 12 Early 2023"]
[Site "https://www.chess.com"]
[Date "2023.12.12"]
[Round "11"]
[White "Mikhailovsky, Vladimir"]
[Black "Yaran, Siar"]
[Result "0-1"]
[Board "20"]
[TimeControl "180+1"]
[WhiteFideId "34105414"]
[BlackFideId "6323006"]
[WhiteElo "2801"]
[BlackElo "2694"]
[WhiteTeam "RUS"]
[BlackTeam "TUR"]
[WhiteClock "0:00:00"]
[BlackClock "0:00:41"]

1. e4 e5 2. Nf3 Nc6 3. Nc3 Nf6 4. d4 exd4 5. Nxd4 Bb4 6. Nxc6 bxc6 7. Bd3 d5 8. exd5 Qe7+ 9. Qe2 Qxe2+ 10. Kxe2 Nxd5 11. Nxd5 cxd5 12. Bf4 Kd7 13. Rhd1 Bd6 14. Kf3 Bxf4 15. Kxf4 Kd6 16. c4 c6 17. Rac1 Be6 18. h4 Rab8 19. Rc2 Rb4 20. Ke3 Rhb8 21. Rdd2 h6 22. f4 a5 23. f5 Bd7 24. g4 Re8+ 25. Kf3 Re1 26. g5 hxg5 27. hxg5 Rg1 28. Kf4 g6 29. fxg6 fxg6 30. Bxg6 Rg4+ 31. Kf3 Rxg5 32. Bd3 Rb8 33. cxd5 cxd5 34. Rf2 Re8 35. Rce2 Bg4+ 36. Kf4 Bxe2 0-1

[Event "December 12 Early 2023"]
[Site "https://www.chess.com"]
[Date "2023.12.12"]
[Round "11"]
[White "Haug, Havard"]
[Black "Tulchynskyi, Feliks"]
[Result "1-0"]
[Board "21"]
[TimeControl "180+1"]
[WhiteFideId "1547887"]
[BlackFideId "34127895"]
[WhiteElo "2766"]
[BlackElo "2564"]
[WhiteTeam "NOR"]
[BlackTeam "UKR"]
[WhiteClock "0:00:08"]
[BlackClock "0:00:40"]

1. e4 e6 2. d4 d5 3. e5 c5 4. c3 Bd7 5. Nf3 Qb6 6. Bd3 Bb5 7. O-O Bxd3 8. Qxd3 Ne7 9. dxc5 Qxc5 10. Be3 Qc7 11. Na3 a6 12. c4 Nbc6 13. Rac1 Rd8 14. Qb3 d4 15. Bf4 h5 16. h4 Nf5 17. Nb1 Be7 18. g3 g6 19. Nbd2 Kf8 20. Ne4 Kg7 21. Qd3 Nb4 22. Qb1 d3 23. a3 Qc6 24. Nfd2 Nc2 25. Kg2 Rd4 26. f3 Nfe3+ 27. Kh3 Nxf1 28. Rxf1 Rd7 29. b4 Rc8 30. c5 Qa4 31. Nc4 Qxa3 32. Nxa3 Nxa3 33. Qb3 Nb5 34. Rd1 Rcd8 35. Nd6 Bxd6 36. exd6 f6 37. Qxe6 Nd4 38. Qd5 Ne2 39. Qxd3 Re8 40. Rd2 Nxf4+ 41. gxf4 Re1 42. Rg2 f5 43. Qc3+ Kh6 44. Qxe1 1-0

[Event "December 12 Early 2023"]
[Site "https://www.chess.com"]
[Date "2023.12.12"]
[Round "11"]
[White "DHLT216"]
[Black "Bortnyk, Olexandr"]
[Result "0-1"]
[Board "22"]
[TimeControl "180+1"]
[BlackFideId "14120828"]
[WhiteElo "2678"]
[BlackElo "2986"]
[BlackTeam "UKR"]
[WhiteClock "0:00:00"]
[BlackClock "0:00:55"]

1. d4 d6 2. e4 Nf6 3. Nc3 Nbd7 4. Nf3 e5 5. Bc4 Be7 6. O-O c6 7. a4 Qc7 8. a5 h6 9. Re1 Rb8 10. h3 g5 11. b3 Nf8 12. Be3 g4 13. dxe5 gxf3 14. exf6 Bxf6 15. Bd4 Bxd4 16. Qxd4 Rg8 17. e5 Rxg2+ 18. Kh1 d5 19. Bxd5 Qd7 20. e6 fxe6 21. Qe5 cxd5 22. Qxb8 Rxf2 23. Rad1 Kd8 24. Ne4 Rxc2 25. Nf6 Qc7 26. Qxc7+ Rxc7 27. Rf1 Rc3 28. Ng4 Ng6 29. Kh2 Ke7 30. Kg3 h5 31. Nf2 h4+ 32. Kg4 Kf6 33. Nd3 e5+ 34. Kxf3 Nf4 35. Ke3 d4+ 36. Kf3 Bxh3 37. Rf2 Kf5 0-1

[Event "December 12 Early 2023"]
[Site "https://www.chess.com"]
[Date "2023.12.12"]
[Round "11"]
[White "Srihari L R"]
[Black "Chigaev, Maksim"]
[Result "0-1"]
[Board "23"]
[TimeControl "180+1"]
[WhiteFideId "46617116"]
[BlackFideId "4108116"]
[WhiteElo "2740"]
[BlackElo "2907"]
[WhiteTeam "IND"]
[BlackTeam "ESP"]
[WhiteClock "0:00:00"]
[BlackClock "0:00:15"]

1. c4 g6 2. Nc3 Bg7 3. Nf3 d6 4. d4 Nf6 5. g3 O-O 6. Bg2 c5 7. d5 e6 8. O-O exd5 9. cxd5 Re8 10. Bf4 Bf5 11. Nh4 Bg4 12. Qd2 b5 13. Rfe1 b4 14. Nb5 Ne4 15. Bxe4 Rxe4 16. f3 a6 17. fxe4 axb5 18. Nf3 Qe7 19. e5 dxe5 20. Bh6 Bxh6 21. Qxh6 Bxf3 22. exf3 Nd7 23. Qe3 Qd6 24. f4 f6 25. a3 bxa3 26. Rxa3 Rxa3 27. Qxa3 Qxd5 28. Qe3 Kg7 29. Qe2 c4 30. Rd1 Qc6 31. Qg2 e4 32. Qd2 Nc5 33. Qd6 Qxd6 34. Rxd6 Nd3 35. Rd5 b4 36. Rd4 e3 37. Kf1 Nxb2 38. Rd7+ Kh6 39. Rb7 c3 40. Ke2 c2 41. Rc7 b3 42. Kxe3 Nc4+ 43. Kd3 c1=Q 0-1

[Event "December 12 Early 2023"]
[Site "https://www.chess.com"]
[Date "2023.12.12"]
[Round "11"]
[White "Baskakov, Egor"]
[Black "Yeritsyaan"]
[Result "1-0"]
[Board "24"]
[TimeControl "180+1"]
[WhiteFideId "24197866"]
[WhiteElo "2881"]
[BlackElo "2709"]
[WhiteTeam "RUS"]
[WhiteClock "0:00:39"]
[BlackClock "0:00:00"]

1. e4 e5 2. Nc3 Nf6 3. g3 Bc5 4. Bg2 Nc6 5. h3 a6 6. Nge2 d6 7. d3 h5 8. Bg5 Be6 9. Nd5 Bxd5 10. exd5 Ne7 11. c4 Ng6 12. O-O h4 13. b4 Ba7 14. g4 Qd7 15. Nc3 Bd4 16. Rc1 a5 17. Nb5 axb4 18. Nxd4 exd4 19. Qe1+ Kf8 20. f4 b6 21. Rc2 Nh7 22. Bxh4 Ra3 23. Rd2 Nxh4 24. Qxh4 Kg8 25. Re1 Nf6 26. Qf2 Qa4 27. g5 Nh5 28. f5 Kh7 29. Re7 b3 30. axb3 Qxb3 31. Qh4 Qb1+ 32. Kh2 g6 33. fxg6+ Kxg6 34. Qf2 Rf8 35. Be4+ Kg7 36. Qf5 1-0

[Event "December 12 Early 2023"]
[Site "https://www.chess.com"]
[Date "2023.12.12"]
[Round "11"]
[White "Pakleza, Zbigniew"]
[Black "Xu, Yi"]
[Result "0-1"]
[Board "25"]
[TimeControl "180+1"]
[WhiteFideId "1119290"]
[BlackFideId "8605564"]
[WhiteElo "2715"]
[BlackElo "2868"]
[WhiteTeam "POL"]
[BlackTeam "CHN"]
[WhiteClock "0:00:00"]
[BlackClock "0:00:15"]

1. d4 Nf6 2. Nf3 d5 3. Bf4 c5 4. c3 Nc6 5. Nbd2 cxd4 6. cxd4 Bf5 7. e3 e6 8. Qb3 Qb6 9. Qxb6 axb6 10. Bb5 Be7 11. Ke2 O-O 12. Rhc1 Rfc8 13. Ne5 Nxe5 14. Bxe5 Ne4 15. Nxe4 Bxe4 16. f3 Bg6 17. Bc7 Bd8 18. Bxd8 Rxd8 19. Rc7 Rab8 20. Rac1 Kf8 21. R1c3 f6 22. Bd7 Ke7 23. Bc8+ Kd6 24. Bxb7 Rd7 25. R7c6+ Ke7 26. Bc8 Ra7 27. Rxe6+ Kf7 28. Rd6 Rxa2 29. Rxd5 Rxb2+ 30. Kf1 Ra8 31. Rc1 Raa2 32. Rc7+ Kf8 33. Rd8+ Be8 34. Rc1 Rf2+ 35. Ke1 Rae2+ 36. Kd1 Ke7 37. Rd5 Ba4+ 0-1

[Event "December 12 Early 2023"]
[Site "https://www.chess.com"]
[Date "2023.12.12"]
[Round "11"]
[White "Vakhlamov, Igor L."]
[Black "Adla, Diego"]
[Result "0-1"]
[Board "26"]
[TimeControl "180+1"]
[WhiteFideId "24126748"]
[BlackFideId "100072"]
[WhiteElo "2838"]
[BlackElo "2688"]
[WhiteTeam "RUS"]
[BlackTeam "ARG"]
[WhiteClock "0:00:00"]
[BlackClock "0:00:13"]

1. e4 e5 2. Nf3 Nc6 3. Nc3 Nf6 4. Bb5 Bd6 5. a3 O-O 6. d3 a6 7. Bc4 Re8 8. Ng5 Rf8 9. Be3 Be7 10. h4 d6 11. Nd5 Ng4 12. Bd2 h6 13. Nf3 Be6 14. h5 Qd7 15. Nh4 Bd8 16. c3 Ne7 17. Nxe7+ Bxe7 18. Ng6 Rfe8 19. Nxe7+ Rxe7 20. f3 Bxc4 21. dxc4 Nf6 22. Be3 Qe6 23. Qd3 Rb8 24. O-O-O b5 25. c5 Rd7 26. c6 Rdd8 27. g4 Nh7 28. Qd5 Nf6 29. Qd2 Nh7 30. g5 hxg5 31. Bxg5 Nxg5 32. Qxg5 Qh6 33. Qxh6 gxh6 34. Rhg1+ Kh8 35. Kc2 Rg8 36. Kb3 Rb6 37. Kc2 Rxc6 38. Rg4 Rg5 0-1

[Event "December 12 Early 2023"]
[Site "https://www.chess.com"]
[Date "2023.12.12"]
[Round "11"]
[White "Dragun, Kamil"]
[Black "Gontcharov, Vladislav"]
[Result "1-0"]
[Board "27"]
[TimeControl "180+1"]
[WhiteFideId "1134167"]
[BlackFideId "4123492"]
[WhiteElo "2799"]
[BlackElo "2673"]
[WhiteTeam "POL"]
[BlackTeam "RUS"]
[WhiteClock "0:00:43"]
[BlackClock "0:00:22"]

1. d4 Nf6 2. c4 e6 3. Nf3 Bb4+ 4. Bd2 a5 5. Nc3 b6 6. Qc2 Bb7 7. g3 Bxc3 8. Bxc3 Ne4 9. Bg2 Nxc3 10. Qxc3 O-O 11. O-O d6 12. Rac1 Nd7 13. Rfd1 Qe7 14. Qc2 f5 15. Ne1 Bxg2 16. Nxg2 g5 17. f4 Rae8 18. e4 fxe4 19. Qxe4 Nf6 20. Qe2 gxf4 21. Nxf4 e5 22. dxe5 Qxe5 23. Qxe5 Rxe5 24. Nd5 Nxd5 25. cxd5 Rf7 26. Rd2 Kf8 27. Kg2 Ke8 28. Rc4 Kd8 29. Rf4 Rfe7 30. g4 h5 31. h3 hxg4 32. hxg4 Ke8 33. Kg3 Re3+ 34. Rf3 R3e5 35. a4 Rg7 36. Rd4 Kd7 37. b3 Re1 38. Kf2 Re5 39. Re3 Reg5 40. Ree4 Rf7+ 41. Kg3 Rf1 42. Rf4 Rg1+ 43. Kf2 Re1 44. Rf7+ Kd8 45. Kxe1 1-0

[Event "December 12 Early 2023"]
[Site "https://www.chess.com"]
[Date "2023.12.12"]
[Round "11"]
[White "Klukin, Kirill"]
[Black "Agibileg, Uurtsaikh"]
[Result "1-0"]
[Board "28"]
[TimeControl "180+1"]
[WhiteFideId "24199273"]
[BlackFideId "4901606"]
[WhiteElo "2797"]
[BlackElo "2667"]
[WhiteTeam "RUS"]
[BlackTeam "MGL"]
[WhiteClock "0:00:10"]
[BlackClock "0:00:06"]

1. Nf3 Nf6 2. d4 g6 3. e3 Bg7 4. Be2 O-O 5. O-O b6 6. b3 Bb7 7. Bb2 d6 8. c4 Ne4 9. Nc3 Nxc3 10. Bxc3 Nd7 11. Rc1 e5 12. dxe5 dxe5 13. Qc2 Qe7 14. Rfd1 Nc5 15. Qb2 Rfe8 16. Ne1 Rad8 17. Qa1 a5 18. Bf3 Bxf3 19. Nxf3 Nd3 20. Rc2 f5 21. Rcd2 e4 22. Bxg7 Qxg7 23. Qxg7+ Kxg7 24. Ne1 Rd6 25. Nxd3 Red8 26. f3 exd3 27. Kf2 Kf6 28. f4 h6 29. Kf3 g5 30. h3 c6 31. g4 gxf4 32. exf4 Rd4 33. Re1 b5 34. cxb5 cxb5 35. Re5 Rxf4+ 36. Kxf4 Rd4+ 37. Ke3 Kxe5 38. gxf5 Rh4 39. Kxd3 Rd4+ 40. Ke3 Rxd2 41. Kxd2 Kxf5 42. Ke3 Kg5 43. Kf3 Kh4 44. Kg2 b4 45. Kh2 Kg5 46. Kg3 Kf5 47. Kf3 Ke5 48. Ke3 Kd5 49. Kd3 Ke5 50. Ke3 h5 51. h4 Kf5 52. Kf3 Ke5 53. Ke3 Kd5 54. Kd3 Kc5 55. Ke4 a4 56. Ke5 Kc6 57. Kd4 axb3 58. axb3 Kb5 59. Kd5 Kb6 60. Kc4 Ka5 61. Kc5 Ka6 62. Kxb4 Kb6 63. Kc4 Kc6 64. Kd4 Kb5 65. Ke5 Kb4 66. Kf5 Kxb3 67. Kg5 Kc4 68. Kxh5 Kd5 69. Kg6 Ke6 70. h5 Ke7 71. Kg7 1-0

[Event "December 12 Early 2023"]
[Site "https://www.chess.com"]
[Date "2023.12.12"]
[Round "11"]
[White "Dragnev, Valentin"]
[Black "Koellner, Ruben Gideon"]
[Result "0-1"]
[Board "29"]
[TimeControl "180+1"]
[WhiteFideId "1634852"]
[BlackFideId "12993093"]
[WhiteElo "2793"]
[BlackElo "2662"]
[WhiteTeam "AUT"]
[BlackTeam "GER"]
[WhiteClock "0:00:00"]
[BlackClock "0:00:23"]

1. Nf3 Nf6 2. g3 d5 3. Bg2 Nbd7 4. d4 e6 5. O-O b5 6. a4 b4 7. c4 bxc3 8. Nxc3 a5 9. Bf4 c6 10. Re1 Bb4 11. e4 O-O 12. Nd2 Ba6 13. Rc1 Qb6 14. Be3 Rab8 15. e5 Ne8 16. Qg4 Bd3 17. h4 Bf5 18. Qe2 h6 19. Kh2 Be7 20. b3 Ba3 21. Rcd1 Bc2 22. Qg4 Bxd1 23. Nxd1 Kh8 24. Qh5 f6 25. Bh3 fxe5 26. dxe5 Bc5 27. Bxe6 Bxe3 28. Nxe3 Rxf2+ 29. Kh3 Nf8 30. Bf7 Rxd2 31. Bxe8 Qd8 32. Bf7 Qd7+ 33. Ng4 Ne6 34. Qf5 Ng5+ 35. Qxg5 hxg5 36. e6 Qe7 37. Re5 Rxb3 38. hxg5 Rdd3 39. Kh2 Rxg3 0-1

[Event "December 12 Early 2023"]
[Site "https://www.chess.com"]
[Date "2023.12.12"]
[Round "11"]
[White "Tologon tegin, Semetei"]
[Black "Wagh Suyog"]
[Result "1-0"]
[Board "30"]
[TimeControl "180+1"]
[WhiteFideId "13800574"]
[BlackFideId "25071688"]
[WhiteElo "2660"]
[BlackElo "2792"]
[WhiteTeam "KGZ"]
[BlackTeam "IND"]
[WhiteClock "0:00:25"]
[BlackClock "0:00:00"]

1. d4 Nf6 2. Nc3 d5 3. Bf4 c5 4. e3 cxd4 5. exd4 a6 6. Bd3 Nc6 7. Nge2 Bg4 8. f3 Bh5 9. g4 Bg6 10. h4 e6 11. h5 Bxd3 12. Qxd3 Bd6 13. Qe3 Bxf4 14. Nxf4 h6 15. O-O-O Qd6 16. Kb1 O-O-O 17. Nd3 Nd7 18. f4 f6 19. Rhe1 Rhe8 20. Na4 Kb8 21. Nac5 Nxc5 22. Nxc5 e5 23. fxe5 fxe5 24. Qb3 Re7 25. Nxa6+ Kc8 26. dxe5 Nxe5 27. Qc3+ Nc6 28. Rxe7 Qxe7 29. a3 Qe2 30. Rd3 Qxg4 31. Nb4 Rd6 32. Nxd5 Kb8 33. Nb4 Nxb4 34. Qxb4 Qxb4 35. axb4 Rb6 36. c3 Rb5 37. Rg3 Rxh5 38. Rxg7 Rh2 39. Ka2 h5 40. Rh7 h4 41. Ka3 Rh1 42. b5 Ka7 43. Kb4 h3 44. b3 Kb8 45. b6 Kc8 46. Kc5 h2 47. c4 Rb1 48. Rh8+ Kd7 49. Rxh2 Rxb3 50. Rh7+ Kc8 51. Rc7+ Kb8 52. Rg7 Kc8 53. Rg8+ Kd7 54. Rb8 Rh3 55. Rxb7+ Kc8 56. Rc7+ Kb8 57. Kb5 Rh1 58. c5 Rg1 59. Rf7 Rg5 60. Rf6 1-0

[Event "December 12 Early 2023"]
[Site "https://www.chess.com"]
[Date "2023.12.12"]
[Round "11"]
[White "Borgaonkar Akshay"]
[Black "Yuan, Qingyu"]
[Result "1/2-1/2"]
[Board "31"]
[TimeControl "180+1"]
[WhiteFideId "25639110"]
[BlackFideId "8609772"]
[WhiteElo "2641"]
[BlackElo "2788"]
[WhiteTeam "IND"]
[BlackTeam "CHN"]
[WhiteClock "0:00:04"]
[BlackClock "0:00:07"]

1. e4 e5 2. Nf3 Nc6 3. Bb5 Nf6 4. O-O Nxe4 5. d4 Nd6 6. dxe5 Nxb5 7. a4 Nbd4 8. Nxd4 d5 9. exd6 Bxd6 10. Re1+ Be7 11. Nxc6 Qxd1 12. Rxd1 bxc6 13. b3 Bf6 14. Ra2 O-O 15. Bb2 Bg5 16. Nd2 Bf5 17. Nf3 Bxc2 18. Rd7 Bxb3 19. Ra3 Be6 20. Rxc7 Rfd8 21. Ra1 Bf4 22. Rxc6 h6 23. Rc5 Rab8 24. Be5 Bxe5 25. Rxe5 Rb2 26. Rb5 Ra2 27. Rbb1 Rc8 28. Nd4 Rxa1 29. Rxa1 Bd5 30. f3 Rc4 31. Nb5 a6 32. Nd6 Rd4 33. Nf5 Rd2 34. Ne7+ Kf8 35. Nxd5 Rxd5 36. Kf2 Rd4 37. Ke3 Rb4 38. g4 a5 39. h4 Ke7 40. Ra3 Kf6 41. f4 h5 42. gxh5 Kf5 43. Rc3 Re4+ 44. Kd3 Rxf4 45. Rc5+ Kg4 46. Rxa5 Kxh4 47. Ke3 Rb4 48. Ra7 Kxh5 49. Rxf7 g5 50. a5 Ra4 51. Ra7 g4 52. Kf2 Kh4 53. Rh7+ Kg5 54. Ra7 Kf4 55. Rf7+ Kg5 56. Rg7+ Kf5 57. Rf7+ Kg6 58. Ra7 Kg5 59. Kg2 Kf4 60. Rf7+ Kg5 61. Ra7 Ra2+ 62. Kg3 Ra3+ 63. Kg2 Kf4 64. Rf7+ Ke4 65. Re7+ Kf5 66. Ra7 Ra2+ 67. Kg3 Ra3+ 68. Kg2 Ke5 69. a6 Kf4 70. Rf7+ Kg5 71. a7 Kh4 72. Rh7+ Kg5 73. Rb7 Ra2+ 74. Kg3 Ra3+ 75. Kf2 Kh4 76. Rh7+ Kg5 77. Kg2 Ra2+ 78. Kg3 Ra3+ 79. Kg2 Kf4 80. Rf7+ Ke5 81. Rb7 Kf4 82. Rb4+ Kg5 83. Rb7 Kh4 84. Rh7+ Kg5 85. Rb7 1/2-1/2

[Event "December 12 Early 2023"]
[Site "https://www.chess.com"]
[Date "2023.12.12"]
[Round "11"]
[White "Gan-Erdene, Sugar"]
[Black "Cordoba Roa, Angel Gabriel"]
[Result "1-0"]
[Board "32"]
[TimeControl "180+1"]
[WhiteFideId "4902980"]
[BlackFideId "3957624"]
[WhiteElo "2757"]
[BlackElo "2596"]
[WhiteTeam "MGL"]
[BlackTeam "COL"]
[WhiteClock "0:02:54"]
[BlackClock "0:03:02"]

1. e4 e5 2. Nf3 Nc6 3. Nc3 Nf6 4. Bb5 Nd4 5. Ba4 Bc5 6. O-O O-O 7. Nxe5 Re8 8. Nd3 Bb6 9. e5 Ng4 10. Qxg4 Nxc2 11. Bxc2 Bxf2+ 12. Nxf2 Qh4 13. Qxh4 Re7 14. Qxe7 d6 15. Qe8# 1-0

[Event "December 12 Early 2023"]
[Site "https://www.chess.com"]
[Date "2023.12.12"]
[Round "11"]
[White "Atakhan, Abtin"]
[Black "Hrebenshchykova, Yelyzaveta"]
[Result "1-0"]
[Board "33"]
[TimeControl "180+1"]
[WhiteFideId "22502203"]
[BlackFideId "14159899"]
[WhiteElo "2753"]
[BlackElo "2504"]
[WhiteTeam "IRI"]
[BlackTeam "UKR"]
[WhiteClock "0:02:10"]
[BlackClock "0:00:08"]

1. c4 Nf6 2. Nc3 g6 3. e4 d6 4. d4 Bg7 5. Be2 O-O 6. Be3 e5 7. d5 Na6 8. g4 Nc5 9. f3 a5 10. h4 h5 11. g5 Nh7 12. Qd2 Bd7 13. b3 f6 14. gxf6 Rxf6 15. Nh3 Bxh3 16. Rxh3 Rf4 17. O-O-O Rxh4 18. Rg3 Rh2 19. Rxg6 Kh8 20. Rdg1 Qd7 21. Rxg7 Qxg7 22. Rxg7 Kxg7 23. Qe1 Kf7 24. Qg1 Rh3 25. Bxc5 dxc5 26. Qxc5 Rh1+ 27. Kb2 Rc8 28. d6 c6 29. Qxe5 Re8 30. Qf5+ Nf6 31. e5 1-0

[Event "December 12 Early 2023"]
[Site "https://www.chess.com"]
[Date "2023.12.12"]
[Round "11"]
[White "Saravana, Krishnan P."]
[Black "Zemlyanskii, Ivan"]
[Result "0-1"]
[Board "34"]
[TimeControl "180+1"]
[WhiteFideId "5018382"]
[BlackFideId "24249971"]
[WhiteElo "2620"]
[BlackElo "3005"]
[WhiteTeam "IND"]
[BlackTeam "RUS"]
[WhiteClock "0:00:00"]
[BlackClock "0:00:16"]

1. e4 c5 2. Nf3 e6 3. d4 cxd4 4. Nxd4 Nf6 5. Bd3 Nc6 6. Nxc6 bxc6 7. O-O d5 8. Nc3 Be7 9. Qe2 O-O 10. b3 a5 11. Bb2 Qb6 12. Na4 Qc7 13. Rac1 Rd8 14. e5 Nd7 15. c4 Qa7 16. Qg4 Ba6 17. Rfd1 Rac8 18. Bd4 Qb7 19. Rc3 g6 20. c5 Bxd3 21. Rcxd3 Qb4 22. Qf4 Nxc5 23. Rf3 Rf8 24. a3 Qb5 25. Nc3 Qxb3 26. Bxc5 Bxc5 27. Qh6 Rfd8 28. Rh3 Qc2 29. Qxh7+ Kf8 30. Qh8+ Ke7 31. Qf6+ Kd7 32. Qxf7+ Be7 33. Rh7 Re8 0-1

[Event "December 12 Early 2023"]
[Site "https://www.chess.com"]
[Date "2023.12.12"]
[Round "11"]
[White "Vlassov, Nikolai"]
[Black "Ilamparthi A R"]
[Result "0-1"]
[Board "35"]
[TimeControl "180+1"]
[WhiteFideId "4103360"]
[BlackFideId "45015775"]
[WhiteElo "2626"]
[BlackElo "2864"]
[WhiteTeam "FID"]
[BlackTeam "IND"]
[WhiteClock "0:00:11"]
[BlackClock "0:00:22"]

1. e4 c5 2. c3 e5 3. Nf3 Nc6 4. Bc4 Nf6 5. Ng5 d5 6. exd5 Nxd5 7. d4 cxd4 8. O-O Be7 9. Nxf7 Kxf7 10. Qf3+ Ke6 11. a4 Rf8 12. Qe4 Kd6 13. Qxd5+ Kc7 14. f4 Qxd5 15. Bxd5 Bf5 16. Bxc6 bxc6 17. fxe5 Bd3 18. Re1 c5 19. Na3 Kc6 20. cxd4 cxd4 21. Bd2 Kd5 22. Nb5 Bxb5 23. axb5 Bc5 24. b4 Bb6 25. h4 Rac8 26. Rac1 d3+ 27. Kh2 Rc2 28. Rxc2 dxc2 29. e6 Kc4 30. e7 Re8 31. Kg3 Kd3 32. Bc1 Bc7+ 33. Kg4 Bd6 34. Bg5 Bxe7 35. Bxe7 Rxe7 36. Rxe7 c1=Q 37. Rxg7 Qh6 38. Rxa7 Qg6+ 39. Kh3 Qf5+ 40. Kh2 Qe5+ 41. Kh3 Qe3+ 42. Kg4 Qxa7 0-1

[Event "December 12 Early 2023"]
[Site "https://www.chess.com"]
[Date "2023.12.12"]
[Round "11"]
[White "Putnam, Liam"]
[Black "Spata, German"]
[Result "1-0"]
[Board "36"]
[TimeControl "180+1"]
[WhiteFideId "30938279"]
[BlackFideId "113026"]
[WhiteElo "2824"]
[BlackElo "2624"]
[WhiteTeam "USA"]
[BlackTeam "ARG"]
[WhiteClock "0:01:34"]
[BlackClock "0:00:00"]

1. Nh3 e6 2. Na3 d5 3. g3 Nf6 4. Bg2 c5 5. O-O Be7 6. d3 O-O 7. e4 Nc6 8. Re1 b6 9. Nf4 dxe4 10. dxe4 Qxd1 11. Rxd1 Ne5 12. b3 Bb7 13. Bb2 Nfd7 14. Nc4 Bf6 15. Ne3 Rfd8 16. Rab1 Nc6 17. Bxf6 Nxf6 18. e5 Ne8 19. Nc4 Kf8 20. a4 Ke7 21. Kf1 Rxd1+ 22. Rxd1 Rd8 23. Ke1 Rxd1+ 24. Kxd1 g6 25. Ne2 Nc7 26. Nc3 Ne8 27. Nb5 Kd7 28. Nbd6 Nxd6 29. Nxd6 Ba8 30. Nxf7 Ke7 31. Ng5 h6 32. Nh3 g5 33. f4 g4 34. Nf2 h5 35. h3 gxh3 36. Nxh3 Bb7 37. Ng5 Kd7 38. Nh7 Nd4 39. Nf6+ Kc7 40. Bxb7 Kxb7 41. Nxh5 Kc6 42. g4 Kd5 43. g5 Nf5 44. g6 Ke4 45. g7 Ne7 46. Ke2 Kf5 47. Nf6 Kxf4 48. g8=Q Nxg8 49. Nxg8 Kxe5 50. Ke3 Kd5 51. Nf6+ Ke5 52. Ne4 Kd5 53. Nc3+ Ke5 54. Nb5 a6 55. Na3 Kd5 56. Kd3 b5 57. axb5 axb5 58. Nxb5 1-0

[Event "December 12 Early 2023"]
[Site "https://www.chess.com"]
[Date "2023.12.12"]
[Round "11"]
[White "Yeremyan, Alen"]
[Black "Kim, Sergey"]
[Result "0-1"]
[Board "37"]
[TimeControl "180+1"]
[WhiteFideId "13308998"]
[BlackFideId "13700570"]
[WhiteElo "2806"]
[BlackElo "2614"]
[WhiteTeam "ARM"]
[BlackTeam "KAZ"]
[WhiteClock "0:02:00"]
[BlackClock "0:01:19"]

1. e4 e5 2. Nf3 Nc6 3. d4 exd4 4. Nxd4 Bc5 5. Nb3 Bb6 6. Nc3 Nf6 7. Bf4 d6 8. Qd2 Be6 9. O-O-O Qe7 10. Nd5 Bxd5 11. exd5 Ne5 12. Re1 O-O-O 13. Bg3 Qd7 14. f4 Neg4 15. Bd3 Rhe8 16. Kb1 Be3 17. Qa5 Kb8 18. Bb5 c6 19. dxc6 bxc6 20. Bd3 Bb6 21. Qa4 Nf2 22. Bxf2 Bxf2 23. Rxe8 Rxe8 24. Na5 Kc7 25. Rd1 Re1 26. Rxe1 Bxe1 27. Nc4 Kd8 28. Qa5+ Bxa5 0-1

[Event "December 12 Early 2023"]
[Site "https://www.chess.com"]
[Date "2023.12.12"]
[Round "11"]
[White "Brodsky, David"]
[Black "Al-Tarboush, Ward"]
[Result "1-0"]
[Board "38"]
[TimeControl "180+1"]
[WhiteFideId "2073250"]
[BlackFideId "7601450"]
[WhiteElo "2795"]
[BlackElo "2607"]
[WhiteTeam "USA"]
[BlackTeam "NOR"]
[WhiteClock "0:00:02"]
[BlackClock "0:00:00"]

1. d4 Nf6 2. Nf3 b6 3. c4 Bb7 4. Nc3 e6 5. a3 d5 6. cxd5 Nxd5 7. Qc2 Be7 8. e4 Nxc3 9. bxc3 c5 10. Bb5+ Bc6 11. Bd3 O-O 12. O-O Nd7 13. Be3 Rc8 14. d5 exd5 15. exd5 Bxd5 16. Bxh7+ Kh8 17. Bf5 Bxf3 18. gxf3 g6 19. Bh3 Qc7 20. Qe4 Rce8 21. Rad1 Nf6 22. Qh4+ Nh5 23. Qg4 Bd6 24. Kg2 f5 25. Qh4 Bf4 26. Rfe1 Kg7 27. Kf1 Rf7 28. Bxf4 Rxe1+ 29. Rxe1 Qxf4 30. Qd8 Qxf3 31. Bg2 Qxc3 32. Re8 Qc1+ 33. Re1 Qc4+ 34. Kg1 Nf4 35. Bf3 Nh3+ 36. Kg2 Nf4+ 37. Kh1 Qc3 38. Re3 Qc1+ 39. Bd1 c4 40. Qd4+ Kh7 41. Rc3 Qb1 42. Rxc4 Qe4+ 43. Qxe4 fxe4 44. Rxe4 Nd3 45. Rh4+ Kg7 46. Bb3 Nxf2+ 47. Kg2 Rf6 48. Rd4 g5 49. h3 Kh6 50. Kg3 Nh1+ 51. Kg2 Nf2 52. Bc2 Kh5 53. Rd2 1-0

[Event "December 12 Early 2023"]
[Site "https://www.chess.com"]
[Date "2023.12.12"]
[Round "11"]
[White "Manukian, Artak"]
[Black "Goh, Wei Ming Kevin"]
[Result "1-0"]
[Board "39"]
[TimeControl "180+1"]
[WhiteFideId "13301373"]
[BlackFideId "5800706"]
[WhiteElo "2602"]
[BlackElo "2761"]
[WhiteTeam "ARM"]
[BlackTeam "SGP"]
[WhiteClock "0:01:11"]
[BlackClock "0:00:17"]

1. e4 c5 2. Nf3 d6 3. Bb5+ Nc6 4. O-O Bd7 5. Re1 Nf6 6. c3 a6 7. Bxc6 Bxc6 8. d4 Bxe4 9. Bg5 Bd5 10. Bxf6 gxf6 11. Nbd2 cxd4 12. c4 Bc6 13. Nxd4 Rg8 14. Nxc6 bxc6 15. Qf3 Qc7 16. Qxf6 Rg6 17. Qf3 e6 18. b4 O-O-O 19. a4 Bh6 20. Nb3 d5 21. Nc5 Rdg8 22. g3 Qf4 23. Qxf4 Bxf4 24. cxd5 exd5 25. Nxa6 Bd6 26. Nc5 Rg4 27. Nd3 Rd4 28. Red1 Bxb4 29. Ne5 Bc3 30. Nxc6 Rxd1+ 31. Rxd1 Kc7 32. Ne7 1-0

[Event "December 12 Early 2023"]
[Site "https://www.chess.com"]
[Date "2023.12.12"]
[Round "11"]
[White "Gormally, Daniel W"]
[Black "Shubenkova, Veronika"]
[Result "1-0"]
[Board "40"]
[TimeControl "180+1"]
[WhiteFideId "406465"]
[BlackFideId "44124040"]
[WhiteElo "2759"]
[BlackElo "2599"]
[WhiteTeam "ENG"]
[BlackTeam "RUS"]
[WhiteClock "0:00:37"]
[BlackClock "0:00:06"]

1. d4 d5 2. c4 e6 3. Nf3 f5 4. Nc3 Nf6 5. Bf4 c6 6. e3 Bd6 7. Bd3 O-O 8. O-O Ne4 9. Bxe4 fxe4 10. Ne5 Qe7 11. f3 exf3 12. Rxf3 Nd7 13. Nxd7 Bxd7 14. Bxd6 Qxd6 15. c5 Qe7 16. e4 Rxf3 17. Qxf3 Rf8 18. Qe3 Qh4 19. h3 b6 20. cxb6 axb6 21. b4 Qf4 22. Qxf4 Rxf4 23. Rf1 Rh4 24. Re1 Kf7 25. Kf2 g5 26. Ke3 Ke7 27. a4 c5 28. dxc5 bxc5 29. bxc5 Bxa4 30. exd5 exd5 31. Nxd5+ Kd7 32. Nb6+ Kc6 33. Nxa4 Rxa4 34. Kf3 Rf4+ 35. Kg3 Rf6 36. Re5 h6 37. Kg4 Rf2 38. g3 Rf6 39. Kh5 Rf3 40. Kg4 Rf6 41. h4 gxh4 42. gxh4 Rg6+ 43. Kf5 Rg1 44. Re6+ Kxc5 45. Rxh6 Kd5 46. h5 Rf1+ 47. Kg6 Rg1+ 48. Kf7 Rf1+ 49. Rf6 Rh1 50. h6 Ke5 51. Kg7 Rh2 52. Rg6 Kf5 53. h7 Rh3 54. Rg1 1-0